 Dungeon Sprint DCSS version 0.18.1-50-g88ac8fd (webtiles) character file.

105 RTS the Chopper (level 4, -25/67 HPs)
             Began as a Minotaur Berserker on Oct 5, 2016.
             Was a Priest of Trog.
             Annihilated by a boulder beetle (36 damage)
             ... in the Dungeon (Sprint II: "The Violet Keep of Menkaure").
             The game lasted 00:01:52 (283 turns).

RTS the Chopper (Minotaur Berserker)                 Turns: 283, Time: 00:01:52

Health: -25/67     AC:  2    Str: 28    XL:     4   Next: 53%
Magic:  3/3        EV: 13    Int:  4    God:    Trog [***...]
Gold:   0          SH:  0    Dex:  9    Spells: 0 memorised, 3 levels left

rFire  . . .     SeeInvis .     a - +0 hand axe
rCold  . . .     Gourm    .     b - +0 animal skin
rNeg   . . .     Faith    .     (no shield)
rPois  .         Spirit   .     (helmet restricted)
rElec  .         Dismiss  .     (no cloak)
rCorr  .         Reflect  .     (no gloves)
SustAt .         Harm     .     (no boots)
MR     ++...     NoTele   +     (no amulet)
Stlth  ..........               (no ring)
                                (no ring)

@: berserking, regenerating, very quick, very resistant to hostile enchantments,
extremely unstealthy
A: retaliatory headbutt, horns 2
a: Berserk, Trog's Hand, Burn Spellbooks, Renounce Religion


You were in the Dungeon.
You worshipped Trog.
Trog was most pleased with you.
You were not hungry.

You visited 1 branch

Inventory:

Hand Weapons
 a - a +0 hand axe (weapon)
Armour
 b - a +0 animal skin (worn)
Scrolls
 i - a scroll of blinking
Potions
 e - a potion of heal wounds
 f - a potion of haste
 g - 2 potions of magic
 h - a potion of berserk rage
Comestibles
 c - a bread ration
 d - 5 chunks of flesh


   Skills:
 + Level 6.7 Fighting
 * Level 7.7 Axes
 + Level 5.0 Armour
 + Level 4.5 Dodging


You had 3 spell levels left.
You didn't know any spells.

Dungeon Overview and Level Annotations

Branches:
Dungeon (1/1)

Altars:


Innate Abilities, Weirdness & Mutations

You reflexively headbutt those who attack you in melee.
You have a pair of horns on your head.


Message History

You strike the helpless boulder beetle from behind!
You hit the boulder beetle but do no damage.
The boulder beetle is lightly wounded.
You hit the boulder beetle but do no damage.
The boulder beetle is lightly wounded.
The boulder beetle bites the boulder beetle!!
Your skin crawls.
You feel resistant to hostile enchantments.
You feel slightly more hungry.
You hit the boulder beetle but do no damage.
The boulder beetle is lightly wounded.
The boulder beetle seems less confused.
The boulder beetle bites you!!!
Ouch! That really hurt!
* * * LOW HITPOINT WARNING * * *
A red film seems to cover your vision as you go berserk!
You feel yourself moving faster!
You feel mighty!
You feel somewhat more hungry.
The boulder beetle seems less confused.
The boulder beetle bites you!!!
Ouch! That really hurt!
You die...

## ## ##$
.## .. ..
## .#B #
#.# #B# .#
#.##@##H#
#'.<.+#
#...##.##H#
##.# #'# .#
## #.#.# #
#.. ..# ###
###


You could see 2 boulder beetles.

Vanquished Creatures
  4 worker ants (D)
  3 worms (D)
7 creatures vanquished.

Vanquished Creatures (others)
  A crocodile (D)
1 creature vanquished.

Grand Total: 8 creatures vanquished

Notes
Turn   | Place    | Note
--------------------------------------------------------------
     0 | D        | RTS the Minotaur Berserker began the quest for the Orb.
     0 | D        | Reached XP level 1. HP: 19/19 MP: 0/0
     1 | D        | Noticed a boulder beetle
     1 | D        | Noticed a boulder beetle
     7 | D        | Noticed a worker ant
     7 | D        | Noticed a worker ant
     7 | D        | Noticed a worker ant
     7 | D        | Noticed a worker ant
    13 | D        | Killed a worker ant
    13 | D        | Reached skill level 5 in Fighting
    13 | D        | Reached skill level 5 in Axes
    13 | D        | Reached XP level 2. HP: 28/29 MP: 1/1
    14 | D        | Reached ** piety under Trog
    14 | D        | Reached skill level 6 in Axes
    14 | D        | Reached XP level 3. HP: 33/37 MP: 2/2
    20 | D        | Reached XP level 4. HP: 13/45 MP: 3/3
    22 | D        | Reached skill level 7 in Axes
    49 | D        | Killed a crocodile
   259 | D        | Reached *** piety under Trog
   262 | D        | Reached skill level 5 in Armour
   270 | D        | Noticed a hippogriff
   270 | D        | Noticed a hippogriff
   283 | D        | Annihilated by a boulder beetle

Skill      XL: |  1  2  3  4 |
---------------+-------------+-----
Fighting       | 5 6 |  6.7
Axes           | 5 6 7 |  7.7
Armour         | 3 4 5 |  5.0
Dodging        | 3 4 |  4.5

Action                   |  1- 3 |  4- 6 || total
-------------------------+-------+-------++-------
Melee: Hand axe          |    11 |    16 ||    27
       Headbutt          |     2 |     7 ||     9
Invok: Berserk           |       |     1 ||     1
       Trog's Hand       |       |     1 ||     1
  Use: Potion            |       |     1 ||     1
 Stab: Confused          |       |     2 ||     2
Dodge: Dodged            |     9 |     3 ||    12
